 Dungeon Crawl Stone Soup version 0.20-a0-268-gb6bde61 (webtiles) character file.

315 Herrn the Digger (level 6, 41/41 HPs)
             Began as a Formicid Earth Elementalist on Dec 7, 2016.
             Was a Follower of Okawaru.
             Quit the game on level 4 of the Dungeon.
             The game lasted 00:13:03 (3945 turns).

Herrn the Digger (Formicid Earth Elementalist)      Turns: 3945, Time: 00:13:03

Health: 41/41      AC:  3    Str: 13    XL:     6   Next: 72%
Magic:  10/10      EV: 13    Int: 16    God:    Okawaru [*.....]
Gold:   54         SH:  0    Dex: 11    Spells: 10/11 levels left

rFire  . . .     SeeInvis +     r - -3 hand axe (curse)
rCold  . . .     Gourm    .     c - +0 robe
rNeg   . . .     Faith    .     (no shield)
rPois  .         Spirit   .     (helmet unavailable)
rElec  .         Reflect  .     i - +0 cloak
rCorr  .         Harm     .     (no gloves)
MR     .....                    (no boots)
Stlth  ++........               (no amulet)
                                (no ring)
                                (no ring)

@: no status effects
A: permanent stasis, dig shafts and tunnels, four strong arms, antennae 3
a: Dig, Shaft Self, Heroism, Renounce Religion


You were on level 4 of the Dungeon.
You worshipped Okawaru.
Okawaru was aware of your devotion.
You were not hungry.

You visited 2 branches of the dungeon, and saw 5 of its levels.

You collected 54 gold pieces.

Inventory:

Hand Weapons
 f - a +0 club
 h - a +0 hand axe
 r - a cursed -3 hand axe (weapon)
Missiles
 b - 30 stones (quivered)
Armour
 c - a +0 robe (worn)
 i - a +0 cloak (worn)
Wands
 p - a wand of iceblast (6/15)
Scrolls
 g - a scroll of enchant armour
 k - 3 scrolls of noise
 s - a scroll of teleportation
Potions
 j - a potion of curing {unknown}
 o - a potion of resistance {unknown}
Books
 e - a book of Geomancy

   Spells                             Type                      Level
   a - Sandblast                      Earth                        1
   b - Passwall                       Transmutation/Earth          2
   c - Stone Arrow                    Conjuration/Earth            3
   d - Petrify                        Transmutation/Earth          4
   e - Lee's Rapid Deconstruction     Earth                        5
Comestibles
 a - 2 meat rations
 d - 2 bread rations
 m - 7 fruits
 n - a beef jerky
 t - 2 chunks of flesh


   Skills:
 * Level 3.6 Axes
 - Level 0.4(2.2) Maces & Flails
 + Level 2.9 Dodging
 - Level 2.4 Stealth
 - Level 3.0 Spellcasting
   Level 1.1 Transmutations
 + Level 5.5 Earth Magic


You had 10 spell levels left.
You knew the following spells:

 Your Spells              Type           Power        Failure   Level  Hunger
a - Sandblast             Erth           ###...       1%          1    #......


Dungeon Overview and Level Annotations

Branches:
Dungeon (4/15)             Temple (1/1) D:4

Altars:
Ashenzari
Cheibriados
Dithmenos
Elyvilon
Gozag
Kikubaaqudgha
Makhleb
Okawaru
Qazlal
Ru
Sif Muna
Trog
Xom
Yredelemnul
The Shining One

Annotations:
D:3 exclusion: hungry ghost, Grinder


Innate Abilities, Weirdness & Mutations

You cannot be hasted, slowed, berserked, paralysed or teleported.
You can dig through walls and to a lower floor.
Your four strong arms can wield two-handed weapons with a shield.
You have a pair of large antennae on your head. (SInv)


Message History

You feel a strange sense of stasis.
It was a scroll of teleportation.
As you read the scroll labeled UJOIBO JIWUM, it crumbles to dust.
You hear the ringing of an enormous bell.
It was a scroll of random uselessness.
As you read the scroll labeled EVEAMNO ZOASI, it crumbles to dust.
It is a scroll of identify.
g - a scroll of enchant armour Unknown command.
Unknown command.
You start waiting.
Eating one of 3 chunks of flesh.
You start eating one of the 3 chunks of flesh.
This raw flesh tastes terrible.
You sense a monster nearby.
You start waiting.
A howler monkey comes into view.
The howler monkey howls!
The howler monkey hoots and howls with incredible vigour!
Okay, then.
Unknown command.
Are you sure you want to abandon this character and quit the game? (Confirm with "yes".)

...####....# #..
.......$...# ########..
...........# #.........
...........###.........
!..............%..........
.......##..$.......#....##
........+......$...'....#
........#..........#....##
........#@.........##+....
..##....#......$...##.#.##
........#..........##.#.#
............†......##.#.##
###.....#h.........##+#...
#.....#..........#.....#
#.....#.#......###......
#.....#.#...... #......
.........+...... .......


You could see a howler monkey.

Vanquished Creatures
  A phantom (D:4)
  A crimson imp (D:4)
  An orc wizard (D:4)
  A worker ant (D:4)
  5 adders
  3 oozes
  2 worms
  3 dart slugs
  3 leopard geckos
  5 orcs (D:4)
  5 bats
  3 giant cockroaches
  8 goblins
  4 hobgoblins
  4 jackals (D:2)
  9 kobolds
  2 quokkas
  2 frilled lizards
  9 rats
71 creatures vanquished.

Vanquished Creatures (others)
  5 dream sheep (D:3)
5 creatures vanquished.

Grand Total: 76 creatures vanquished

Notes
Turn   | Place    | Note
-------+----------+-------------------------------------------
     0 | D:1      | Herrn the Formicid Earth Elementalist began the quest for the Orb.
     0 | D:1      | Reached XP level 1. HP: 13/13 MP: 3/3
   282 | D:1      | Reached skill level 4 in Earth Magic
   282 | D:1      | Reached XP level 2. HP: 19/19 MP: 0/5
  1091 | D:2      | Reached XP level 3. HP: 24/24 MP: 6/6
  1505 | D:2      | Reached XP level 4. HP: 25/30 MP: 8/8
  1766 | D:2      | Reached skill level 1 in Axes
  1774 | D:2      | Found an iron altar of Okawaru.
  1782 | D:2      | Became a worshipper of Warmaster Okawaru
  1978 | D:3      | Noticed Grinder
  1994 | D:3      | HP: 1/30 [Grinder/nerve-wracking pain (5)]
  2338 | D:3      | Noticed a dream sheep
  2338 | D:3      | Noticed a dream sheep
  2338 | D:3      | Noticed a dream sheep
  2338 | D:3      | Noticed a dream sheep
  2338 | D:3      | Noticed a dream sheep
  2338 | D:3      | Found a shimmering altar of Xom.
  2344 | D:3      | Killed a dream sheep
  2344 | D:3      | Killed a dream sheep
  2344 | D:3      | Killed a dream sheep
  2344 | D:3      | Killed a dream sheep
  2345 | D:3      | Killed a dream sheep
  2691 | D:3      | Reached XP level 5. HP: 29/35 MP: 9/9
  2808 | D:3      | Noticed a hungry ghost
  2981 | D:3      | Found a glowing golden altar of the Shining One.
  3555 | D:4      | Found a white marble altar of Elyvilon.
  3587 | D:4      | Reached skill level 5 in Earth Magic
  3587 | D:4      | Reached XP level 6. HP: 34/41 MP: 2/10
  3682 | D:4      | Found a staircase to the Ecumenical Temple.
  3683 | D:4      | Noticed a phantom
  3697 | D:4      | Killed a phantom
  3697 | D:4      | Reached * piety under Okawaru
  3804 | Temple   | Entered the Ecumenical Temple
  3945 | D:4      | Quit the game

Vault maps used:
D:1:      erik_arrival_cave_to_civilisation, patterned_corridor
D:2:      lemuel_tele_altar
D:3:      nicolae_tso_carved_into_rock, kb_xom_exploding_sheep, uniq_grinder
D:4:      lemuel_doored_altar
Temple:   nicolae_temple_hex_pool

Skill      XL: |  1  2  3  4  5 |
---------------+----------------+-----
Earth Magic    | 4 5 |  5.5
Dodging        | 2 |  2.9
Axes           | 1 3 |  3.6
Spellcasting   | 3 |  3.0
Maces & Flails | |  0.4
Stealth        | |  2.4
Transmutations | |  1.1

Action                   |  1- 3 |  4- 6 || total
-------------------------+-------+-------++-------
Melee: Unarmed           |    21 |       ||    21
       Club              |    15 |       ||    15
       Hand axe          |    29 |   109 ||   138
 Cast: Sandblast         |    17 |    54 ||    71
  Use: Scroll            |       |     4 ||     4
 Stab: Sleeping          |     4 |     3 ||     7
  Eat: Chunk             |     2 |     8 ||    10
Armor: Robe              |    16 |    22 ||    38
Dodge: Dodged            |    49 |    98 ||   147
